 Dungeon Crawl Stone Soup version 0.31-a0-188-g5e087ee2ca (webtiles) character file.

Game seed: 5924857053642041609

1158 qw the Skirmisher (level 8, -4/46 HPs)
             Began as a Deep Elf Hunter on June 23, 2023.
             Slain by a moth of wrath (shapeshifter) (8 damage)
             ... on level 5 of the Dungeon.
             The game lasted 00:01:21 (3178 turns).

qw the Skirmisher (Deep Elf Hunter)                 Turns: 3178, Time: 00:01:21

Health: -4/46      AC: 10    Str: 10    XL:     8   Next: 16%
Magic:  10/10      EV: 12    Int: 15    God:
Gold:   50         SH:  0    Dex: 18    Spells: 7/7 levels left

rFire   . . .        Y - +1 shortbow (chaos)
rCold   . . .        (shield currently unavailable)
rNeg    . . .        a - +0 ring mail
rPois   .            (no helmet)
rElec   .            (no cloak)
rCorr   .            (no gloves)
SInv    .            f - +0 pair of boots
Will    .....        (no amulet)
Stlth   +            c - +4 ring of protection
HPRegen 0.27/turn    (no ring)
MPRegen 0.12/turn

%: no passive effects
@: no status effects
A: no striking features
a: no special abilities


You were on level 5 of the Dungeon.
You visited 1 branch of the dungeon, and saw 5 of its levels.
You also visited: Sewer.

You collected 120 gold pieces.
You spent 70 gold pieces at shops.


   Skills:
 - Level 3.1 Fighting
 + Level 12.1 Ranged Weapons
 - Level 1.3 Armour
 - Level 4.0 Dodging
 - Level 1.2 Stealth


You had 7 spell levels left.
You didn't know any spells.
Your spell library was empty.

Inventory:

Hand Weapons
 Y - a +1 shortbow of chaos (weapon)
Armour
 a - a +0 ring mail (worn)
 f - a +0 pair of boots (worn)
 i - a +0 cloak
Jewellery
 c - a +4 ring of protection (left hand)
Scrolls
 b - 2 scrolls of identify
 e - a scroll of teleportation {unknown}
Potions
 d - a potion of curing
 g - a potion of mutation
 h - a potion of might {unknown}

Dungeon Overview and Level Annotations

Branches:
Dungeon (4/15)              Sewer (visited)
 Temple: D:4-7

Altars:
Makhleb

Shops:
D:2 *   D:3 (

Annotations:
D:3 1 runed translucent door, Crazy Yiuf
Abyss:1 Sigmund


Message History

The gnoll is almost dead.
The gnoll hits you with a +0 club. The gnoll barely misses you.
You shoot an arrow. The arrow hits the gnoll.
You kill the gnoll!
The gnoll closely misses you.
You shoot an arrow. The arrow hits the gnoll!
You kill the gnoll!
You shoot an arrow. The arrow hits the yaktaur!
The yaktaur is moderately wounded.
The yaktaur hits you!
You shoot an arrow. The arrow hits the yaktaur.
The arrow burns the yaktaur.
The yaktaur is moderately wounded.
The yaktaur changes into a moth of wrath!
You shoot an arrow. The arrow hits the moth of wrath.
The moth of wrath is lightly wounded.
The moth of wrath closely misses you.
You shoot an arrow.
The arrow barely misses the moth of wrath.
The moth of wrath bites you!
You shoot an arrow.
The arrow barely misses the moth of wrath.
The moth of wrath bites you.
You shoot an arrow.
The arrow barely misses the moth of wrath.
The moth of wrath completely misses you.
You shoot an arrow. The arrow hits the moth of wrath!
Lightning courses through the moth of wrath!
The moth of wrath is moderately wounded.
The moth of wrath bites you!
You shoot an arrow.
The arrow barely misses the moth of wrath.
The moth of wrath bites you.
You shoot an arrow. The arrow hits the moth of wrath.
The arrow freezes the moth of wrath.
The moth of wrath is heavily wounded.
The moth of wrath bites you but does no damage.
You shoot an arrow.
The arrow barely misses the moth of wrath.
The moth of wrath bites you!
You die...

#. ... #### .
#..######..####..
.................
..............
.........>. #
##.#...#
....##).....#
.!.).%y@#...#
..).###.........
.. ###.##.##..
#.# .# #.# .. #^#
#.. #.# ..#


You could see a moth of wrath shaped shifter.

Vanquished Creatures
  2 ogres (D:4)
  7 kobold brigands (Sewer)
  3 hounds
  Terence (D:3)
  6 adders
  4 gnolls (D:5)
  3 river rats
  An ufetubus (D:3)
  4 worms
  2 dart slugs
  10 orcs
  3 bats
  4 endoplasms
  2 giant cockroaches
  5 hobgoblins
  3 quokkas (D:1)
  6 ball pythons
  3 frilled lizards
  4 goblins
  14 kobolds
  12 rats
99 creatures vanquished.

Notes
Turn   | Place    | Note
-------+----------+-------------------------------------------
     0 | D:1      | qw the Deep Elf Hunter began the quest for the Orb.
     0 | D:1      | Reached XP level 1. HP: 12/12 MP: 3/3
     0 | D:1      | 0 ||| qw: Version: 0.3-a-9-g12657ce
     0 | D:1      | 0 ||| qw: Game counter: 3848
     0 | D:1      | 0 ||| qw: Always use a shield: true
     0 | D:1      | 0 ||| qw: God list: Okawaru
     0 | D:1      | 0 ||| qw: Allow faded altars: false
     0 | D:1      | 0 ||| qw: Do Orc after D:15 true
     0 | D:1      | 0 ||| qw: Do second Lair branch before Depths: true
     0 | D:1      | 0 ||| qw: Lair rune preference: random
     0 | D:1      | 0 ||| qw: Plans: Normal
     0 | D:1      | 0 ||| PLANNING D:1-11
   205 | D:1      | Reached skill level 6 in Ranged Weapons
   205 | D:1      | Reached XP level 2. HP: 13/16 MP: 4/4
   496 | D:1      | 496 ||| READING scroll labelled BIPLAT TESS.
   497 | D:1      | 497 ||| DROPPING scroll of butterflies.
   511 | D:2      | 511 ||| STAIRDANCE
   556 | D:2      | 556 ||| STAIRDANCE
   564 | D:1      | Reached XP level 3. HP: 16/20 MP: 5/5
   715 | D:2      | Found Ytresudgh's General Store.
   726 | D:2      | 726 ||| BUYING potion of curing (42 gold).
   726 | D:2      | Bought a potion of curing for 42 gold pieces
   726 | D:2      | 726 ||| BUYING scroll of identify (28 gold).
   726 | D:2      | Bought a scroll of identify for 28 gold pieces
   726 | D:2      | 726 ||| SHOPLISTING scroll of identify (28 gold, have 11).
   730 | D:2      | Found a faded altar of an unknown god.
   830 | D:2      | Reached skill level 7 in Ranged Weapons
  1033 | D:2      | 1033 ||| READING scroll labelled QUINEG LUNWUCK.
  1034 | D:2      | 1034 ||| READING scroll labelled VUWKUM JYCITRA.
  1035 | D:2      | 1035 ||| READING 2 scrolls of identify.
  1035 | D:2      | 1035 ||| IDENTIFYING golden potion
  1045 | D:3      | 1045 ||| PLANNING SEWER
  1063 | D:3      | Noticed Terence
  1069 | D:3      | Killed Terence
  1070 | D:3      | Reached XP level 4. HP: 25/25 MP: 6/6
  1115 | D:3      | Found a runed translucent door.
  1116 | D:3      | Noticed Crazy Yiuf
  1217 | D:3      | HP: 5/25 [river rat (3)]
  1218 | D:3      | 1218 ||| DRINKING potion of heal wounds.
  1257 | D:3      | 1257 ||| FLEEEEING.
  1258 | D:3      | 1258 ||| FLEEEEING.
  1259 | D:3      | 1259 ||| FLEEEEING.
  1260 | D:3      | 1260 ||| FLEEEEING.
  1261 | D:3      | 1261 ||| FLEEEEING.
  1304 | D:3      | Found Rolokuc's Weapon Emporium.
  1429 | D:3      | Reached skill level 8 in Ranged Weapons
  1430 | D:3      | Found a glowing drain.
  1431 | D:3      | 1431 ||| UPGRADING to +0 ring mail.
  1441 | D:3      | 1441 ||| DROPPING +0 leather armour.
  1442 | D:3      | 1442 ||| UPGRADING to +0 pair of boots.
  1447 | D:3      | 1447 ||| READING 3 scrolls labelled WOSCHOE PIT HOA.
  1548 | D:3      | 1548 ||| DROPPING 2 scrolls of silence.
  1558 | Sewer    | Entered a sewer
  1578 | Sewer    | Noticed a kobold brigand
  1579 | Sewer    | 1579 ||| Stepping ~*~*~tactically~*~*~ (water).
  1592 | Sewer    | Killed a kobold brigand
  1593 | Sewer    | Reached XP level 5. HP: 29/29 MP: 7/7
  1642 | Sewer    | 1642 ||| Stepping ~*~*~tactically~*~*~ (water).
  1654 | Sewer    | Reached skill level 9 in Ranged Weapons
  1797 | Sewer    | Reached XP level 6. HP: 35/35 MP: 8/8
  1811 | Sewer    | 1811 ||| Stepping ~*~*~tactically~*~*~ (water).
  1904 | Sewer    | 1904 ||| Stepping ~*~*~tactically~*~*~ (water).
  1954 | Sewer    | 1954 ||| Stepping ~*~*~tactically~*~*~ (water).
  1979 | Sewer    | 1979 ||| Stepping ~*~*~tactically~*~*~ (water).
  1993 | Sewer    | Reached skill level 10 in Ranged Weapons
  2191 | Sewer    | 2191 ||| Stepping ~*~*~tactically~*~*~ (water).
  2269 | Sewer    | HP: 5/36 [poisoned by a kobold brigand (curare-tipped
                  | dart)]
  2270 | Sewer    | 2270 ||| DRINKING potion of heal wounds.
  2272 | Sewer    | Reached skill level 3 in Dodging
  2272 | Sewer    | Reached XP level 7. HP: 17/40 MP: 9/9
  2392 | Sewer    | 2392 ||| Stepping ~*~*~tactically~*~*~ (water).
  2400 | Sewer    | Reached skill level 1 in Armour
  2401 | Sewer    | HP: 10/40 [poisoned by a kobold brigand]
  2530 | Sewer    | 2530 ||| READING scroll labelled OFIMUH MEAM.
  2531 | Sewer    | 2531 ||| READING 2 scrolls of identify.
  2531 | Sewer    | 2531 ||| IDENTIFYING smoky silvery potion
  2553 | D:3      | 2553 ||| PLANNING D:1-11
  2722 | D:3      | Noticed Sigmund
  2736 | D:3      | Banished Sigmund
  2737 | D:3      | Reached skill level 11 in Ranged Weapons
  2910 | D:3      | 2910 ||| UPGRADING to +4 ring of protection.
  2992 | D:4      | Reached XP level 8. HP: 45/45 MP: 10/10
  3001 | D:4      | Reached skill level 12 in Ranged Weapons
  3056 | D:4      | Found a burning altar of Makhleb.
  3061 | D:4      | Reached skill level 3 in Fighting
  3151 | D:4      | You fall into a shaft and drop 1 floor!
  3151 | D:5      | Entered Level 5 of the Dungeon
  3162 | D:5      | a jelly changed into a shapeshifter
  3162 | D:5      | Noticed a shapeshifter (shapeshifter)
  3162 | D:5      | a shapeshifter changed into a yaktaur
  3162 | D:5      | Noticed a yaktaur (shapeshifter)
  3170 | D:5      | a yaktaur changed into a moth of wrath
  3170 | D:5      | Noticed a moth of wrath (shapeshifter)
  3175 | D:5      | HP: 7/46 [moth of wrath (shapeshifter) (12)]
  3178 | D:5      | Slain by a moth of wrath (shapeshifter)

Levels and vault maps discovered:
D:1:      ncdulo_halloftheorcs, layout_basic, st_stairs_5
D:2:      layout_rooms, serial_shops, shop,
          shapermc_ecumenical_altar_mp_highgroup
D:3:      layout_basic, portal_sewer_entry_a, serial_shops, shop, uniq_terence,
          uniq_crazy_yiuf_cottage, uniq_sigmund
D:4:      lemuel_castle_with_subvaults [lemuel_castle_interior_carwin_2],
          layout_basic, makhleb_blood_cavern_becter, uniq_grinder
D:5:      minmay_clustersquares, layout_rooms, xom_teletrap_fun, temple_statues,
          minmay_tree_intersection

Skill      XL: |  1  2  3  4  5  6  7  8 |
---------------+-------------------------+-----
Ranged Weapons | 6 7 8 9 10 11 12 | 12.1
Fighting       | 2 3 |  3.1
Dodging        | 3 4 |  4.0
Armour         | 1 |  1.3
Stealth        | |  1.2

Action                     |  1- 3 |  4- 6 |  7- 9 || total
---------------------------+-------+-------+-------++-------
   Fire: Shortbow          |   111 |   120 |   100 ||   331
    Use: Scroll            |     4 |     1 |     2 ||     7
         Potion            |       |     2 |       ||     2
 Armour: Leather armour    |    16 |     1 |       ||    17
         Ring mail         |       |     7 |     7 ||    14
  Dodge: Dodged            |    49 |    38 |    12 ||    99

Table legend:
 A = Non-vault XP
 B = Vault XP
 C = Vault XP percentage of total XP
 D = Non-vault monster count
 E = Vault monster count
 F = Vault count percentage of total count
                 A         B        C        D         E       F
            +---------+---------+-------+---------+---------+-------
      Total |     523 |    1132 |  68.4 |      64 |      36 |  36.0
            +---------+---------+-------+---------+---------+-------
        D:1 |      35 |       3 |   7.9 |      20 |       2 |   9.1
        D:2 |      29 |       0 |   0.0 |      11 |       0 |   0.0
        D:3 |      34 |     295 |  89.7 |      14 |       5 |  26.3
        D:4 |     326 |      45 |  12.1 |      14 |       1 |   6.7
        D:5 |      99 |       0 |   0.0 |       5 |       0 |   0.0
      Sewer |       0 |     789 | 100.0 |       0 |      28 | 100.0
            +---------+---------+-------+---------+---------+-------
